Map: Magannatha LE

Players

KimChiLoVer - Winner!

  • Race: Terran Terran
  • League: Diamond
  • Spawn Location: 11:00

wtfWTF

  • Race: Zerg Zerg
  • League: Diamond
  • Spawn Location: 5:00

VOD

Have the link to the VOD?

Description

Time

  • Played on: Sept. 10, 2025, 10:37 p.m.
  • Length: 12:14
Show
View Real Time Build Order
Export as new Build Order

KimChiLoVer Terran - Winner!

Build Orders: Reaper Expand 

Get SALT Encoding   

  12  0:00  SCV  
  13  0:14  SCV  
  14  0:17  Supply Depot  
  14  0:26  SCV  
  15  0:39  SCV  
  15  0:40  Barracks  
  16  0:44  Refinery  
  16  0:53  SCV  
  17  1:05  SCV  
  18  1:17  SCV  
  19  1:29  Orbital Command  
  19  1:31  Reaper  
  20  1:41  Command Center  
  20  1:52  Supply Depot  
  20  1:56  SCV  
  21  2:03  Marine  
  21  2:08  SCV  
  23  2:14  Factory  
  23  2:20  SCV  
  24  2:27  Barracks Reactor  
  22  3:05  Orbital Command  
  22  3:11  Barracks  
  22  3:17  Bunker  
  22  3:18  Hellion x2  
  26  3:23  SCV  
  26  3:24  Barracks Tech Lab  
  27  3:27  Refinery  
  27  3:30  Command Center  
  27  3:35  SCV  
  28  3:41  Hellion x2  
  28  3:47  SCV x2  
  34  3:52  Supply Depot  
  34  3:57  Marine  
  34  3:58  Stimpack  
  34  3:59  SCV  
  36  4:06  Starport  
  36  4:14  Factory Reactor  
  36  4:20  SCV  
  37  4:25  Marine x3  
  40  4:33  SCV  
  41  4:42  Marine  
  41  4:43  Marine x2  
  42  5:00  Marine  
  41  5:07  Marine  
  41  5:08  Marine  
  43  5:18  Marine  
  40  5:25  Marine x2  
  41  5:29  Orbital Command  
  41  5:36  Marine  
  41  5:37  SCV  
  41  5:38  Barracks x3  
  41  5:41  SCV, Factory Tech Lab  
  44  5:43  Marine  
  44  5:48  Supply Depot  
  44  5:49  Supply Depot  
  46  5:50  SCV, Engineering Bay  
  46  5:51  Engineering Bay  
  46  5:53  SCV  
  47  6:00  Medivac x2  
  47  6:02  SCV  
  52  6:04  Marine x2  
  52  6:05  SCV  
  52  6:10  Marine  
  56  6:13  Combat Shield  
  56  6:14  SCV  
  56  6:17  SCV  
  58  6:22  Marine x2  
  58  6:23  Terran Infantry Weapons Level 1  
  60  6:26  SCV  
  60  6:28  Marine  
  60  6:29  Refinery x2, SCV  
  60  6:30  Medivac  
  65  6:33  Barracks Reactor  
  65  6:34  Orbital Command  
  65  6:36  Barracks Reactor  
  65  6:38  SCV  
  65  6:39  Supply Depot x2  
  66  6:41  SCV  
  66  6:44  Supply Depot  
  66  6:46  Supply Depot  
  67  6:50  SCV  
  67  6:53  SCV  
  69  6:54  Barracks Reactor  
  69  6:55  Marine x3  
  73  7:01  SCV  
  73  7:02  SCV  
  73  7:05  SCV  
  75  7:13  SCV, Marine x3  
  75  7:14  SCV  
  80  7:17  Medivac x2  
  80  7:18  SCV  
  80  7:19  Supply Depot  
  80  7:20  Marine x3  
  88  7:25  SCV  
  88  7:26  SCV, Terran Infantry Armor Level 1  
  90  7:30  SCV  
  90  7:31  Marine x2  
  90  7:34  Refinery  
  93  7:37  SCV  
  93  7:38  SCV  
  93  7:39  Marine  
  93  7:40  Marine x4  
  93  7:42  SCV  
  101  7:44  Supply Depot  
  101  7:46  Marine x2  
  101  7:47  Medivac  
  101  7:48  Marine, Siege Tank  
  101  7:49  SCV, Marine  
  101  7:51  SCV  
  112  7:54  SCV  
  112  7:57  Marine x3  
  112  7:58  Marine x2  
  118  8:01  SCV  
  118  8:03  SCV  
  118  8:04  Marine x2  
  122  8:06  SCV, Marine  
  122  8:07  Marine  
  125  8:14  SCV  
  125  8:15  SCV, Marine x4  
  131  8:26  SCV  
  131  8:31  Marine x3  
  131  8:32  Marine x2  
  131  8:33  Marine x4  
  123  8:38  SCV  
  124  8:41  Supply Depot, Barracks  
  124  8:42  Supply Depot, Barracks  
  124  8:43  Barracks, Siege Tank  
  124  8:44  Medivac x2  
  131  8:50  SCV  
  132  9:06  Marine x7  
  132  9:07  Marine x2  
  141  9:14  Medivac  
  141  9:15  Siege Tank  
  146  9:24  Marine x7  
  138  9:28  Marine x3  
  138  9:29  Marine  
  148  9:33  Marine  
  149  9:49  Marine x2  
  149  9:50  Siege Tank, Marine x2  
  149  9:55  Marine  
  149  9:56  Marine  
  149  9:57  Marine  
  149  9:58  Marine  
  149  10:07  Marine x2  
  149  10:08  Marine  
  148  10:16  Marine  
  148  10:17  Marine  
  148  10:19  Marine x7  
  148  10:21  Medivac  
  149  10:22  Medivac  
  149  10:24  SCV  
  149  10:25  Marine x2  
  149  10:30  Supply Depot x2  
  149  10:32  Supply Depot  
  149  10:34  Supply Depot  
  149  10:42  Barracks Tech Lab x3  
  149  10:43  Concussive Shells  
  149  10:51  SCV, Siege Tank, Marine x9, Medivac  
  149  10:52  Medivac  
  149  10:54  Supply Depot  
  166  11:05  Marine x3  
  166  11:08  Marine x5  
  166  11:09  Command Center  
  174  11:14  Command Center  
  174  11:21  Medivac  
  174  11:22  Medivac  
  174  11:23  Siege Tank  
Show
View Real Time Build Order
Export as new Build Order

wtfWTF Zerg 

Build Orders: Hatch First 

Get SALT Encoding   

  12  0:09  Drone x2  
  14  0:31  Hatchery  
  13  0:38  Drone  
  13  0:41  Extractor  
  13  0:42  Drone  
  14  1:01  Spawning Pool  
  14  1:02  Drone  
  14  1:11  Extractor, Drone  
  15  1:30  Overlord  
  15  1:49  Metabolic Boost  
  15  1:51  Zergling x4  
  15  1:52  Queen  
  19  1:58  Drone  
  20  2:04  Drone  
  20  2:05  Drone  
  20  2:08  Drone  
  23  2:19  Queen  
  25  2:35  Overlord  
  25  2:37  Drone  
  25  2:38  Drone x2  
  27  3:02  Drone x6  
  32  3:10  Drone x2, Lair  
  32  3:11  Drone  
  35  3:15  Drone  
  36  3:21  Overlord  
  36  3:27  Extractor  
  36  3:28  Overlord  
  35  3:41  Drone x2  
  35  3:44  Hatchery  
  35  3:46  Spore Crawler  
  35  3:52  Drone x4  
  35  3:53  Drone  
  40  4:00  Extractor, Spore Crawler  
  38  4:07  Drone x4  
  42  4:17  Evolution Chamber  
  42  4:19  Evolution Chamber  
  42  4:21  Drone x3, Evolution Chamber  
  42  4:24  Drone  
  43  4:31  Hydralisk Den  
  43  4:32  Drone x3  
  43  4:38  Extractor  
  42  4:40  Zergling x6  
  42  4:51  Zergling x4  
  42  4:52  Zergling x4  
  41  5:06  Zergling x4  
  41  5:07  Zergling x2  
  40  5:11  Drone x2  
  40  5:19  Drone x2  
  40  5:27  Drone x2  
  42  5:31  Zerg Ground Armor Level 1  
  42  5:36  Drone  
  42  5:37  Drone  
  44  5:44  Lurker Den  
  43  5:50  Spore Crawler  
  43  5:51  Drone x2, Baneling Nest  
  43  5:54  Grooved Spines  
  43  5:58  Zerg Missile Weapons Level 1  
  43  6:03  Queen  
  45  6:09  Drone x3  
  48  6:13  Drone x2  
  50  6:26  Roach Warren  
  50  6:28  Overlord  
  50  6:32  Zerg Melee Weapons Level 1  
  49  6:41  Spine Crawler  
  49  6:42  Spore Crawler  
  49  6:44  Muscular Augments  
  49  6:45  Drone x3  
  50  6:49  Extractor  
  50  6:51  Drone x5  
  54  6:57  Drone x3  
  54  7:01  Baneling x2, Centrifugal Hooks  
  57  7:02  Baneling  
  57  7:05  Baneling  
  57  7:06  Baneling  
  57  7:08  Overlord  
  57  7:11  Overlord  
  57  7:18  Overlord x2  
  57  7:25  Extractor  
  57  7:29  Hydralisk x3  
  62  7:31  Drone x3  
  62  7:32  Drone  
  66  7:38  Hydralisk  
  66  7:39  Hydralisk  
  66  7:40  Drone x2  
  66  7:44  Drone x2  
  74  7:45  Overseer  
  74  7:50  Baneling  
  74  7:51  Drone x2  
  76  7:52  Drone  
  76  7:56  Drone x2  
  79  8:07  Drone x3  
  70  8:24  Zergling x8  
  70  8:25  Roach  
  73  8:33  Drone x2  
  74  8:34  Overlord x4  
  74  8:35  Overlord  
  74  8:37  Zerg Missile Weapons Level 2  
  74  8:48  Overlord x2  
  74  8:49  Overlord  
  74  8:55  Baneling  
  74  8:56  Baneling x8  
  74  9:09  Drone x7  
  82  9:10  Drone x2  
  82  9:15  Spine Crawler  
  82  9:18  Drone x3  
  82  9:22  Drone x2  
  82  9:25  Drone  
  83  9:37  Infestation Pit  
  83  9:38  Lurker x2  
  83  9:39  Hatchery  
  83  9:41  Roach x3  
  83  9:42  Zergling x2  
  83  9:53  Zergling x6  
  83  9:54  Roach x2  
  86  10:00  Roach x2  
  86  10:01  Roach  
  78  10:13  Roach  
  76  10:20  Drone, Hydralisk x3, Overlord  
  82  10:26  Drone  
  81  10:29  Queen x2  
  81  10:31  Drone x2  
  87  10:41  Drone x2  
  87  10:42  Drone  
  90  10:52  Hydralisk x2  
  90  10:53  Hydralisk  
  96  10:59  Hydralisk x3  
  102  11:11  Hydralisk  
  102  11:12  Hydralisk, Overlord x3  
  106  11:20  Pneumatized Carapace  
  106  11:22  Roach x5  
  116  11:30  Lurker  
  80  11:48  Hydralisk x3  
  80  11:49  Roach x3  
  80  11:50  Roach  
Tags
 
Add a new tag
Caveats
  • Supply blocks, unpowered buildings, or Contaminate may cause inaccurate times.
  • Supply counts are checked every 10 seconds.